 Dungeon Crawl Stone Soup version 0.24-a0-439-g6dd8730de2 (webtiles) character file.

Game seed: 10270446991721858990

88368 Engwar the Severer (level 15, 0/110 HPs)
             Began as a Demonspawn Abyssal Knight on June 18, 2019.
             Was the Champion of Lugonu.
             Slain by Snorg (3 damage)
             ... on level 14 of the Dungeon.
             The game lasted 01:56:38 (29884 turns).

Engwar the Severer (Demonspawn Abyssal Knight)     Turns: 29884, Time: 01:56:39

Health: 0/110      AC: 40    Str: 22    XL:     15   Next: 46%
Magic:  0/24       EV:  9    Int: 13    God:    Lugonu [******]
Gold:   424        SH:  0    Dex: 13    Spells: 14/14 levels left

rFire    + . .     SeeInvis .   a - +1 executioner's axe
rCold    + . .     Gourm    .   (shield currently unavailable)
rNeg     . . .     Faith    .   R - +6 plate armour "Kaefureu" {rCorr}
rPois    +         Spirit   +   (helmet restricted)
rElec    .         Reflect  .   S - +2 cloak
rCorr    +         Harm     .   h - +2 pair of gloves {Str+3}
MR       ++...                  (no boots)
Stlth    ..........             (no amulet)
HPRegen  0.28/turn              g - ring of poison resistance
MPRegen  0.19/turn              o - ring of protection from magic

@: about to teleport, hasted, studying Staves, very quick
A: antennae 2, molten scales 3, cold resistance 1, icemail, magic shield,
freezing cloud immunity
a: Depart the Abyss, Bend Space, Banish, Corrupt, Enter the Abyss, Brand Weapon
With Distortion, Renounce Religion


You were on level 14 of the Dungeon.
You worshipped Lugonu.
Lugonu was exalted by your worship.
You were hungry.

You visited 3 branches of the dungeon, and saw 22 of its levels.
You visited the Abyss 1 time.
You also visited: Bailey.

You collected 2188 gold pieces.
You spent 1764 gold pieces at shops.

Inventory:

Hand Weapons
 a - a +1 executioner's axe (weapon)
 b - a +3 hand crossbow of velocity
 L - a +0 arbalest
Missiles
 d - 126 bolts
Armour
 h - a +2 pair of gloves of strength (worn)
 M - the +0 fire dragon scales of the Guardian {rElec rF++ rC- Dex+3}
   (You found it in a bailey)

   It affects your dexterity (+3).
   It greatly protects you from fire.
   It makes you vulnerable to cold.
   It insulates you from electricity.
 R - the +6 plate armour "Kaefureu" (worn) {rCorr}
   (You bought it in a shop on level 2 of the Orcish Mines)

   It provides partial protection from all sources of acid and corrosion.
 S - a +2 cloak (worn)
Jewellery
 g - a ring of poison resistance (left hand)
 k - an uncursed ring of flight
 o - a ring of protection from magic (right hand)
 p - an uncursed ring of positive energy
 I - an uncursed ring of wizardry
 K - an uncursed ring of protection from fire
Wands
 n - a wand of enslavement (18)
 s - a wand of digging (5)
 v - a wand of random effects (13)
 y - a wand of disintegration (13)
 O - a wand of acid (6)
Scrolls
 e - 5 scrolls of remove curse
 f - a scroll of identify
 j - 7 scrolls of teleportation
 l - a scroll of fog
 m - a scroll of enchant armour
 q - a scroll of brand weapon {unknown}
 r - 2 scrolls of blinking
 u - a scroll of random uselessness {unknown}
 w - a scroll of amnesia
 C - 2 scrolls of magic mapping
 D - a scroll of summoning {unknown}
Potions
 i - 2 potions of magic
 t - 2 potions of brilliance
 x - a potion of cancellation
 B - a potion of agility
 E - 4 potions of haste
 G - a potion of flight
 J - a potion of resistance
 P - 2 potions of might
Books
 A - a manual of Staves
Comestibles
 c - 24 rations


   Skills:
 + Level 8.2 Fighting
 + Level 19.2 Axes
   Level 0.5 Slings
 - Level 4.0 Crossbows
 - Level 7.9 Armour
 - Level 5.0 Dodging
   Level 4.0 Shields
 - Level 12.1 Invocations


You had 14 spell levels left.
You didn't know any spells.
Your spell library contained the following spells:

 Spells                   Type           Power        Failure   Level  Hunger
 Flame Tongue             Conj/Fire      #....        99%         1    ##.....
 Magic Dart               Conj           #...         99%         1    ##.....
 Sandblast                Erth           #.....       99%         1    ##.....
 Summon Butterflies       Summ           #.......     99%         1    ##.....
 Passwall                 Tmut/Erth      #.......     100%        2    ###....
 Searing Ray              Conj           #.....       100%        2    ###....
 Throw Flame              Conj/Fire      #.....       100%        2    ###....
 Call Canine Familiar     Summ           #.......     100%        3    ####...
 Conjure Flame            Conj/Fire      #.......     100%        3    ####...
 Dazzling Spray           Conj/Hex       #.....       100%        3    ####...
 Inner Flame              Hex/Fire       #.......     100%        3    ####...
 Stone Arrow              Conj/Erth      #.....       100%        3    ####...
 Force Lance              Conj/Tloc      #.......     100%        4    #####..
 Fulminant Prism          Conj/Hex       #.........   100%        4    #####..
 Iskenderun's Mystic Bla  Conj           #.......     100%        4    #####..
 Petrify                  Tmut/Erth      #.......     100%        4    #####..
 Sticky Flame             Conj/Fire      #.......     100%        4    #####..
 Summon Ice Beast         Ice/Summ       #.......     100%        4    #####..
 Fireball                 Conj/Fire      #.........   100%        5    ######.
 Lee's Rapid Deconstruct  Erth           #.........   100%        5    ######.
 Summon Mana Viper        Hex/Summ       #.......     100%        5    ######.
 Summon Hydra             Summ           #.........   100%        7    #######


Dungeon Overview and Level Annotations

Branches:
Dungeon (14/15)            Temple (0/1) D:5            Lair (6/6) D:8
  Swamp (0/4) Lair:4       Spider (0/4) Lair:2        Slime (0/5) Lair:5
    Orc (2/2) D:9             Elf (0/3) Orc:2        Vaults (0/5) D:14

Altars:
Fedhas
Okawaru
The Shining One
Beogh

Shops:
Orc:2 =*?[

Annotations:
D:3 Sigmund
D:14 Snorg
Lair:5 1 runed translucent door, Ruytusch's ghost, journeyman MiBe
Lair:6 exclusions: door and 4 oklob plants
Abyss:1 Edmund, Erica, Josephine, Menkaure, Prince Ribbit


Innate Abilities, Weirdness & Mutations

You have a pair of antennae on your head.
You are completely covered in molten scales. (AC +4, rF+)
Your flesh is cold resistant. (rC+)
A meltable icy envelope protects you from harm. (AC +10)
When hurt, damage is shared between your health and your magic reserves.
You are immune to freezing clouds.


Message History

Snorg resists with significant effort.
You feel somewhat more hungry. Snorg bites you but does no damage.
Snorg claws you but does no damage. Snorg completely misses you.
The centaur hits you but does no damage.
You don't have enough magic at the moment.
Unknown command.
As you read the scroll of teleportation, it crumbles to dust.
You feel strangely unstable. Snorg bites you but does no damage.
Snorg claws you but does no damage. x2
The centaur hits you but does no damage.
The gargoyle hurls a stone arrow at you.
The stone arrow misses you. Snorg bites you!!
* * * LOW HITPOINT WARNING * * *
Snorg closely misses you. Snorg claws you.
* * * LOW HITPOINT WARNING * * *
The centaur barely misses you.
Unknown command.
You feel yourself speed up. Snorg bites you but does no damage.
Snorg claws you.
You die...

#..........##
.#......[....### ######
#...............# ......#
#..............## .......
#(.........[....# .......
#......>.......# .......
#^.............# ### <......
#...c....9....# ##..
.......####.(oT@.......#
##...
....c..(....####..)...##
##....
......#........#...(.##
##..... .....
#........#..(### ##..§...
c.....o........#..#)#
##.P.8... o..
##.........#.##.####..§§§.§.
..
#..#.#......###.##...§§.§..
. #....#∩.....#
#.##...§§§... ##.#.###...##
#)#)...§§§...


You could see Snorg (berserk), a gargoyle, a centaur and an orc.

Vanquished Creatures
  Rupert (Lair:3)
  An ettin (Orc:1)
  4 ogre magi
  A yaktaur captain (D:14)
  A catoblepas (Lair:5)
  22 two-headed ogres
  A centaur warrior (D:12)
  The ghost of Esekla the Slicer, a journeyman OpWz (D:11)
  A tengu warrior (D:13)
  A death yak (Lair:6)
  A fire crab (Lair:5)
  A skeletal warrior (D:14)
  A wizard (Lair:6)
  3 unseen horrors
  2 orc knights
  2 deep elf magi
  5 ugly things
  3 manticores
  3 orc sorcerers
  2 cyclopes
  A torpor snail (Lair:5)
  3 black mambas
  A gargoyle (D:13)
  13 elephants
  10 spiny frogs
  2 yaktaurs (D:14)
  A kobold demonologist (D:11)
  A redback zombie (D:14)
  4 rime drakes
  2 komodo dragons
  4 meliai
  4 jumping spiders (Lair:2)
  5 trolls
  14 blink frogs
  A hornet (D:14)
  4 dream sheep (Lair:6)
  4 bog bodies (Lair:4)
  A blink frog (shapeshifter) (D:13)
  13 hippogriffs
  A shadow (D:12)
  2 water elementals (D:12)
  4 redbacks (Lair:2)
  54 yaks
  5 wraiths
  A human (D:12)
  8 basilisks
  2 wyverns (Lair:6)
  3 hogs (D:12)
  2 hungry ghosts (D:12)
  4 wargs
  A swamp worm (Lair:4)
  2 acid dragons
  A hell hound (Lair:6)
  17 water moccasins
  10 porcupines
  21 orc warriors
  4 phantoms
  A black bear (Lair:4)
  2 eyes of draining
  10 ice beasts
  5 sky beasts
  23 ogres
  5 wolves (Lair:3)
  18 centaurs
  12 crocodiles
  3 big kobolds
  10 bullfrogs
  3 wyvern zombies
  4 gnoll sergeants
  2 wyvern skeletons (D:12)
  5 scorpions
  6 wights
  7 killer bees
  4 howler monkeys
  7 electric eels
  6 crimson imps
  A quasit (D:7)
  13 orc priests
  A bullfrog zombie (D:7)
  6 hounds
  4 centaur zombies
  5 jellies
  8 bullfrog skeletons
  5 iguanas
  2 centaur skeletons
  18 orc wizards
  8 worker ants
  Ijyb (D:2)
  A hound skeleton (D:6)
  2 mummies (D:14)
  A howler monkey zombie (D:9)
  Robin (D:2)
  15 gnolls
  2 howler monkey skeletons
  9 adders
  A shadow imp (D:9)
  3 worms
  7 dart slugs
  6 leopard geckos
  103 orcs
  6 bats
  6 giant cockroaches
  13 hobgoblins
  13 jackals
  5 quokkas
  A ball python (D:2)
  6 frilled lizards
  15 goblins
  15 kobolds
  9 rats
  2 fungi
  2 plants (Lair:6)
736 creatures vanquished.

Vanquished Creatures (others)
  4 hydras
  A gargoyle (D:10)
  2 blink frogs (Lair:2)
  A shadow (D:9)
  A sky beast (D:4)
  An orc (D:12)
  A hobgoblin (D:3)
  10 fungi
  13 plants
34 creatures vanquished.

Grand Total: 770 creatures vanquished

Notes
Turn   | Place    | Note
-------+----------+-------------------------------------------
     0 | Abyss:1  | Engwar the Demonspawn Abyssal Knight began the quest for
                  | the Orb.
     0 | Abyss:1  | Reached XP level 1. HP: 18/18 MP: 2/2
    30 | Abyss:1  | Noticed a small abomination
    42 | D:1      | Escaped the Abyss
    76 | D:1      | Found a glowing golden altar of the Shining One.
   109 | D:1      | Reached skill level 2 in Axes
   126 | D:1      | Gained mutation: You are partially covered in molten
                  | scales. (AC +2) [demonic ancestry]
   126 | D:1      | Reached XP level 2. HP: 10/24 MP: 2/4
   220 | D:1      | Reached * piety under Lugonu
   333 | D:1      | Gained mutation: Your flesh is cold resistant. (rC+)
                  | [demonic ancestry]
   333 | D:1      | Reached XP level 3. HP: 16/29 MP: 5/5
   874 | D:2      | Reached skill level 3 in Axes
   970 | D:2      | Reached ** piety under Lugonu
   984 | D:2      | Gained mutation: You are immune to freezing clouds.
                  | [demonic ancestry]
   984 | D:2      | Reached XP level 4. HP: 29/35 MP: 7/7
  1851 | D:3      | Noticed Ijyb
  1854 | D:3      | Noticed an ice beast
  1894 | D:2      | Killed Ijyb
  1894 | D:2      | Reached skill level 4 in Axes
  1894 | D:2      | Gained mutation: You have a pair of small antennae on your
                  | head. [demonic ancestry]
  1894 | D:2      | Reached XP level 5. HP: 20/41 MP: 8/8
  2195 | D:2      | Noticed Robin
  2222 | D:2      | Killed Robin
  2520 | D:4      | Reached *** piety under Lugonu
  2779 | D:4      | Noticed an ogre
  2941 | D:3      | Noticed Sigmund
  3001 | D:5      | Entered Level 5 of the Dungeon
  3011 | D:5      | Noticed a sky beast
  3101 | D:4      | Reached skill level 5 in Axes
  3104 | D:4      | Killed an ogre
  3104 | D:4      | Reached skill level 5 in Invocations
  3104 | D:4      | Reached XP level 6. HP: 18/47 MP: 9/9
  3738 | D:5      | Killed a sky beast
  3738 | D:5      | Reached XP level 7. HP: 10/52 MP: 11/11
  3991 | D:5      | Found a staircase to the Ecumenical Temple.
  4077 | D:5      | Found a blossoming altar of Fedhas.
  4195 | D:4      | Reached skill level 6 in Axes
  5125 | D:6      | Noticed Menkaure
  5132 | D:6      | Banished Menkaure
  5132 | D:6      | Reached XP level 8. HP: 58/58 MP: 13/13
  5178 | D:6      | Reached skill level 7 in Axes
  5184 | D:6      | Noticed Prince Ribbit
  5193 | D:6      | Banished Prince Ribbit
  5255 | D:6      | Noticed Edmund
  5262 | D:6      | Banished Edmund
  5944 | D:6      | Found an iron altar of Okawaru.
  5989 | D:6      | Reached skill level 1 in Shields
  6585 | D:7      | Reached skill level 8 in Axes
  7065 | D:8      | Gained mutation: You are mostly covered in molten scales.
                  | (AC +3) [demonic ancestry]
  7065 | D:8      | Reached XP level 9. HP: 51/63 MP: 15/15
  7601 | D:8      | Found a staircase to the Lair.
  7601 | D:8      | Noticed an elephant
  7648 | D:9      | Reached skill level 9 in Axes
  8352 | D:9      | Reached **** piety under Lugonu
  8404 | D:9      | Reached skill level 1 in Crossbows
  8501 | D:9      | Found a staircase to the Orcish Mines.
  8609 | D:9      | Reached skill level 10 in Axes
  8717 | D:9      | Gained mutation: When hurt, damage is shared between your
                  | health and your magic reserves. [demonic ancestry]
  8717 | D:9      | Reached XP level 10. HP: 67/70 MP: 16/16
  9167 | D:9      | Reached skill level 11 in Axes
  9426 | D:10     | Entered Level 10 of the Dungeon
  9547 | D:10     | Noticed Josephine
  9676 | D:10     | Noticed a gargoyle
  9696 | D:10     | Banished a gargoyle
 10005 | D:10     | Banished Josephine
 10005 | D:10     | Reached skill level 12 in Axes
 10384 | D:10     | Reached ***** piety under Lugonu
 10422 | D:10     | Noticed a two-headed ogre
 10432 | D:10     | Killed a two-headed ogre
 10432 | D:10     | Gained mutation: You have a pair of antennae on your head.
                  | [demonic ancestry]
 10432 | D:10     | Reached XP level 11. HP: 41/75 MP: 8/17
 10521 | Lair:1   | Entered Level 1 of the Lair of Beasts
 10570 | Lair:1   | Reached skill level 13 in Axes
 10580 | Lair:1   | Noticed an eight-headed hydra
 10586 | Lair:1   | Banished an eight-headed hydra
 10949 | Lair:1   | HP: 2/75 [poisoned by a spiny frog]
 11836 | Lair:2   | Noticed Erica
 11839 | Lair:2   | Banished Erica
 11902 | Lair:1   | Reached skill level 5 in Armour
 13140 | Lair:2   | Reached skill level 14 in Axes
 13501 | Lair:2   | Found a hole to the Spider Nest.
 13550 | Lair:2   | Gained mutation: A meltable icy envelope protects you from
                  | harm. (AC +10) [demonic ancestry]
 13550 | Lair:2   | Reached XP level 12. HP: 16/83 MP: 5/19
 14539 | Lair:3   | Noticed Rupert
 14567 | Lair:3   | Killed Rupert
 14567 | Lair:3   | Reached skill level 5 in Fighting
 14860 | Lair:3   | Noticed a five-headed hydra
 14867 | Lair:3   | Banished a five-headed hydra
 15475 | Lair:3   | Reached skill level 15 in Axes
 16417 | Lair:4   | Reached skill level 16 in Axes
 16539 | Lair:4   | Noticed a four-headed hydra
 16552 | Lair:4   | Reached skill level 10 in Invocations
 16555 | Lair:4   | Banished a four-headed hydra
 16708 | Lair:4   | Found a staircase to the Swamp.
 17055 | Lair:5   | Noticed a seven-headed hydra
 17061 | Lair:5   | Banished a seven-headed hydra
 17224 | Lair:5   | Gained mutation: You are completely covered in molten
                  | scales. (AC +4, rF+) [demonic ancestry]
 17224 | Lair:5   | Reached XP level 13. HP: 44/93 MP: 11/21
 17818 | Lair:5   | Found a staircase to the Slime Pits.
 17843 | Lair:5   | Found a runed translucent door.
 17845 | Lair:5   | Noticed Ruytusch's ghost (journeyman MiBe)
 18079 | Lair:6   | Entered Level 6 of the Lair of Beasts
 19057 | Lair:6   | Reached skill level 1 in Dodging
 19594 | Lair:6   | Reached skill level 5 in Dodging
 21864 | D:11     | Found a transporter.
 21867 | D:11     | Noticed Esekla's ghost (journeyman OpWz)
 21869 | D:11     | Identified the +8 great mace "Xesoul" {vamp, rF+}
 21872 | D:11     | Found a transporter.
 21886 | D:11     | Reached XP level 14. HP: 83/99 MP: 18/23
 21899 | D:11     | Killed Esekla's ghost
 22639 | D:12     | Found a flagged portal.
 22669 | Bailey   | Entered a bailey
 22972 | Bailey   | Reached ****** piety under Lugonu
 23046 | Bailey   | Got distressingly furry fire dragon scales
 23057 | Bailey   | Identified the cursed +0 fire dragon scales of the Guardian
                  | {rElec rF++ rC- Dex+3} (You found it in a bailey)
 23179 | D:12     | Reached skill level 17 in Axes
 25088 | Orc:1    | Entered Level 1 of the Orcish Mines
 25682 | Orc:1    | Found a roughly hewn altar of Beogh.
 25772 | Orc:2    | Entered Level 2 of the Orcish Mines
 25846 | Orc:2    | Reached skill level 18 in Axes
 27345 | Orc:2    | Reached XP level 15. HP: 105/105 MP: 24/24
 27456 | Orc:2    | Found Nouh's Antique Armour Boutique.
 27456 | Orc:2    | Found Kueve's Assorted Antiques.
 27457 | Orc:2    | Found Vaorgh's Magic Scroll Shoppe.
 27457 | Orc:2    | Found Siph's Jewellery Shop.
 27467 | Orc:2    | Bought a glowing robe for 107 gold pieces
 27467 | Orc:2    | Bought a brightly glowing plate armour for 812 gold pieces
 27467 | Orc:2    | Bought a glowing scarf for 232 gold pieces
 27478 | Orc:2    | Bought a cloak for 130 gold pieces
 27497 | Orc:2    | Identified the +6 plate armour "Kaefureu" {rCorr} (You
                  | bought it in a shop on level 2 of the Orcish Mines)
 27498 | Orc:2    | Bought an executioner's axe for 260 gold pieces
 27498 | Orc:2    | Bought a scroll of enchant weapon for 195 gold pieces
 27500 | Orc:2    | Bought a scroll of identify for 28 gold pieces
 27551 | Orc:2    | Paralysed by an orc sorcerer for 5 turns
 27947 | Orc:2    | Found a staircase to the Elven Halls.
 28519 | D:13     | Reached skill level 19 in Axes
 29835 | D:14     | Found a gate to the Vaults.
 29866 | D:14     | Noticed Snorg
 29883 | D:14     | HP: 3/110 [Snorg (4)]
 29884 | D:14     | Slain by Snorg

Levels and vault maps discovered:
D:1:      dpeg_arrival_leaves_temple_mockup, layout_basic, tso_altar
D:2:      minmay_skewed_foursquare, layout_loops_ring, uniq_robin
D:3:      layout_rooms, uniq_ijyb, uniq_sigmund
D:4:      layout_cave_pools
D:5:      layout_loops_cross, minmay_temple_entry_glass, first_ration,
          fedhas_ov_isle_minmay
D:6:      layout_layer_cave, lemuel_crystal_altar, uniq_edmund,
          uniq_prince_ribbit1, uniq_menkaure
D:7:      layout_cave_pools, grunt_ministairs_9, serial_bayou_pond_d
D:8:      layout_cave_pools, david_lair_generic
D:9:      layout_roguey, hiddenorc1_lemuel, moated_statue
D:10:     layout_roguey, uniq_josephine
D:11:     layout_basic, gammafunk_ghost_smash
D:12:     cheibrodos_ideogram_h, layout_basic, enter_bailey_6, grunt_livestock
D:13:     layout_gridville, kennysheep_generic_room_6
D:14:     layout_cave_pods, david_vaults_2, serial_undead, serial_undead_c,
          serial_undead_e, serial_undead_d, serial_undead_f, enter_trove_1,
          kennysheep_nub, uniq_snorg
Lair:1:   layout_cave_pods, beast_lair_carwin_11
Lair:2:   layout_long_grid, nicolae_spider_entry_tight_spaces,
          grunt_megastairs_5, infiniplex_staircase_pool_2, uniq_erica
Lair:3:   layout_layer_cave, eino_small_chamber_without_monster, uniq_rupert
Lair:4:   layout_big_grid, nicolae_swamp_entry_splash_gauntlet
Lair:5:   layout_concentric_octagons, slime_dummy, gammafunk_ghost_grave,
          serial_bayou_crossing, grunt_megastairs_1, lemuel_fruit_tree,
          lemuel_fruit_fields
Lair:6:   evil_forest, layout_regular_city, chequers_serial_rivers_small_b,
          minivault_23, disabler_island, minmay_lair_oklob_chamber
Orc:1:    layout_caves, basic_altar
Orc:2:    st_orc_ogre_mass, layout_caves

Skill      XL: |  1  2  3  4  5  6  7  8  9 10 11 12 13 14 15 |
---------------+----------------------------------------------+-----
Axes           | 2 3 4 5 6 8 10 12 14 16 18 19 | 19.2
Invocations    | 3 4 5 6 7 9 11 12 | 12.1
Shields        | 3 4 |  4.0
Armour         | 4 6 7 |  7.9
Crossbows      | 1 4 |  4.0
Fighting       | 4 5 8 |  8.2
Dodging        | 5 |  5.0
Slings         | |  0.5

Action                   |  1- 3 |  4- 6 |  7- 9 | 10-12 | 13-15 || total
-------------------------+-------+-------+-------+-------+-------++-------
Melee: Hand axe          |   131 |   267 |   304 |       |       ||   702
       War axe           |       |       |   292 |  1058 |   442 ||  1792
       Battleaxe         |       |       |       |       |   836 ||   836
       Executioner's axe |       |       |       |       |   281 ||   281
 Fire: Hunting sling     |       |    18 |    37 |       |       ||    55
       Hand crossbow     |       |       |    23 |    46 |   278 ||   347
       Arbalest          |       |       |       |       |    28 ||    28
Invok: Depart the Abyss  |     1 |       |       |       |       ||     1
       Bend Space        |       |     2 |       |     3 |       ||     5
       Banish            |       |       |     9 |    12 |     7 ||    28
 Abil: Evoke Flight      |       |       |       |       |     1 ||     1
Evoke: Wand              |       |       |       |       |     1 ||     1
  Use: Potion            |       |     3 |     1 |    11 |     6 ||    21
       Scroll            |       |     2 |    12 |    10 |    17 ||    41
 Stab: Sleeping          |     1 |       |       |       |       ||     1
       Petrified         |       |       |       |       |     4 ||     4
       Petrifying        |       |       |       |       |     1 ||     1
       Distracted        |       |       |       |       |     1 ||     1
  Eat: Chunk             |       |     8 |     7 |    25 |    27 ||    67
       Ration            |       |     1 |     3 |     2 |     6 ||    12
Armor: Leather armour    |    38 |    32 |       |       |       ||    70
       Skin              |       |    27 |       |       |       ||    27
       Ring mail         |       |    70 |       |       |       ||    70
       Scale mail        |       |       |   252 |   327 |       ||   579
       Plate armour      |       |       |       |    96 |   863 ||   959
       Fire dragon scale |       |       |       |       |   233 ||   233
Dodge: Dodged            |    75 |   145 |   203 |   346 |   702 ||  1471
Block: Buckler           |       |       |   148 |   295 |   111 ||   554

Table legend:
 A = Non-vault XP
 B = Vault XP
 C = Vault XP percentage of total XP
 D = Non-vault monster count
 E = Vault monster count
 F = Vault count percentage of total count
                 A         B        C        D         E       F
            +---------+---------+-------+---------+---------+-------
      Total |   73591 |   52650 |  41.7 |     554 |     196 |  26.1
            +---------+---------+-------+---------+---------+-------
        D:1 |      54 |       0 |   0.0 |      28 |       0 |   0.0
        D:2 |      60 |      70 |  53.8 |      25 |      15 |  37.5
        D:3 |      66 |       0 |   0.0 |      11 |       0 |   0.0
        D:4 |     330 |       0 |   0.0 |      20 |       0 |   0.0
        D:5 |     714 |       0 |   0.0 |      20 |       0 |   0.0
        D:6 |     502 |     310 |  38.2 |      20 |       3 |  13.0
        D:7 |     609 |     117 |  16.1 |      15 |       2 |  11.8
        D:8 |     907 |    1089 |  54.6 |      15 |       4 |  21.1
        D:9 |    2721 |     389 |  12.5 |      33 |      16 |  32.7
       D:10 |    2908 |    1459 |  33.4 |      27 |       4 |  12.9
       D:11 |    5634 |    3149 |  35.9 |      49 |       6 |  10.9
       D:12 |    6592 |    6597 |  50.0 |      47 |      30 |  39.0
       D:13 |    6419 |     738 |  10.3 |      30 |       2 |   6.2
       D:14 |    4872 |    3935 |  44.7 |      19 |      11 |  36.7
     Lair:1 |    2985 |     973 |  24.6 |      12 |       5 |  29.4
     Lair:2 |    4143 |    2733 |  39.7 |      18 |      10 |  35.7
     Lair:3 |    3539 |    2792 |  44.1 |      19 |       1 |   5.0
     Lair:4 |    6246 |    1217 |  16.3 |      23 |       6 |  20.7
     Lair:5 |    8596 |     288 |   3.2 |      29 |       2 |   6.5
     Lair:6 |    8545 |    5915 |  40.9 |      29 |      21 |  42.0
      Orc:1 |    3824 |    7808 |  67.1 |      27 |      12 |  30.8
      Orc:2 |    3325 |   11597 |  77.7 |      38 |      23 |  37.7
     Bailey |       0 |    1474 | 100.0 |       0 |      23 | 100.0
            +---------+---------+-------+---------+---------+-------
